 Dungeon Crawl Stone Soup version 0.21-a0-278-ga722497 (webtiles) character file.

2906 tidbits the Insei (level 9, 0/115 HPs)
             Began as a Green Draconian Necromancer on Sept 21, 2017.
             Was a Priest of Cheibriados.
             Slain by a gargoyle
             ... wielding a +0 flail
              (12 damage)
             ... on level 10 of the Dungeon.
             The game lasted 00:37:33 (3917 turns).

tidbits the Insei (Green Draconian Necromancer)     Turns: 3917, Time: 00:37:33

Health: 0/115      AC:  8    Str: 23    XL:     9   Next: 49%
Magic:  14/14      EV: 16    Int: 24    God:    Cheibriados [***...]
Gold:   372        SH:  0    Dex: 20    Spells: 7/15 levels left

rFire    + . .     SeeInvis .     - Unarmed
rCold    . . .     Gourm    .   (no shield)
rNeg     . . .     Faith    .   (armour unavailable)
rPois    +         Spirit   .   (helmet restricted)
rElec    .         Reflect  .   (no cloak)
rCorr    .         Harm     .   (no gloves)
MR       .....                  F - +0 pair of boots
Stlth    ..........             S - amulet of magic regeneration
HPRegen  0.29/turn              (no ring)
MPRegen  0.39/turn              (no ring)

@: berserking, very slow
A: breathe noxious fumes, unfitting armour, stinger 1, fire resistance 1, poison
resistance, cold-blooded, AC +7
a: Breathe Noxious Fumes, Bend Time, Temporal Distortion, Renounce Religion


You were on level 10 of the Dungeon.
You worshipped Cheibriados.
Cheibriados was most pleased with you.
You were not hungry.

You visited 2 branches of the dungeon, and saw 11 of its levels.
You also visited: Sewer.

You collected 456 gold pieces.
You spent 84 gold pieces at shops.

Inventory:

Hand Weapons
 e - a +0 quarterstaff
 g - a +0 blowgun
 k - a +1 short sword of holy wrath
   (You took it off a kobold on level 3 of the Dungeon)
 m - a +0 blowgun
 w - a +0 great sword
 O - a +0 whip of freezing
   (You took it off an orc on level 6 of the Dungeon)
Missiles
 h - 75 arrows
 i - 67 bolts
 l - 15 poisoned needles
Armour
 F - a +0 pair of boots (worn)
Magical Staves
 Q - an uncursed staff of earth
   (You found it on level 8 of the Dungeon)
Jewellery
 d - an uncursed ring of teleportation
   (You found it on level 1 of the Dungeon)
 S - an amulet of magic regeneration (around neck)
   (You found it on level 8 of the Dungeon)
Wands
 p - a wand of paralysis (14/24)
 y - a wand of scattershot (2/9)
 G - a wand of iceblast (6/15)
 K - a wand of iceblast (7/15)
 N - a wand of digging (5/24)
Scrolls
 j - 3 scrolls of noise {unknown}
 n - 3 scrolls of immolation {unknown}
 o - 4 scrolls of remove curse
 q - a scroll of magic mapping {unknown}
 r - 2 scrolls of fear {unknown}
 s - 2 scrolls of enchant weapon {unknown}
 u - 2 scrolls of blinking {unknown}
 v - 4 scrolls of teleportation
 x - 2 scrolls of recharging
 A - a scroll of random uselessness {unknown}
 E - a scroll of enchant armour {unknown}
 I - a scroll of fog {unknown}
Potions
 c - 6 potions of curing
 f - a potion of brilliance
 t - 2 potions of flight
 B - a potion of might {unknown}
 C - a potion of berserk rage
 D - 3 potions of magic
 H - 4 potions of lignification
 L - a potion of heal wounds {unknown}
 P - a potion of mutation {!q}
 R - a potion of agility {unknown}
Books
 a - a book of Necromancy

   Spells                             Type                      Level
   a - Pain                           Necromancy                   1
   b - Animate Skeleton               Necromancy                   1
   c - Vampiric Draining              Necromancy                   3
   d - Regeneration                   Charms/Necromancy            3
   e - Animate Dead                   Necromancy                   4
   f - Control Undead                 Necromancy                   4
Comestibles
 b - 4 bread rations
 z - 4 fruits
 J - a royal jelly
 M - 3 meat rations


   Skills:
 - Level 6.3 Fighting
 - Level 5.9 Dodging
 - Level 1.7 Stealth
 - Level 7.0 Unarmed Combat
 - Level 3.9 Spellcasting
 - Level 6.7 Necromancy
 + Level 2.4 Invocations


You had 7 spell levels left.
You knew the following spells:

 Your Spells              Type           Power        Failure   Level  Hunger
n - Animate Skeleton      Necr           N/A          1%          1    None
r - Regeneration          Chrm/Necr      ###.......   8%          3    ##.....
v - Vampiric Draining     Necr           #####.....   1%          3    ##.....
z - Pain                  Necr           ####         1%          1    None


Dungeon Overview and Level Annotations

Branches:
Dungeon (10/15)            Temple (1/1) D:5
   Lair: D:8-11         Orc: D:9-12

Altars:
Ashenzari
Cheibriados
Dithmenos
Elyvilon
Fedhas
Gozag
Hepliaklqana
Kikubaaqudgha
Makhleb
Nemelex Xobeh
Okawaru
Qazlal
Sif Muna
Uskayaw
Vehumet
Wu Jian
Xom
Yredelemnul
Zin
The Shining One

Shops:
D:6 *

Annotations:
D:7 exclusion: 2 killer bees


Innate Abilities, Weirdness & Mutations

You can breathe blasts of noxious fumes.
Your lurid green scales are hard. (AC +7)
You cannot fit into any form of body armour.
Your system is resistant to poisons. (rPois)
You are cold-blooded and may be slowed by cold attacks.
Your tail ends in a poisonous barb.
Your flesh is heat resistant. (rF+)


Message History

There is a stone staircase leading down here.
Wield which item (- for none, * to show all)? (? for menu, Esc to quit)
Q - an uncursed staff of earth (weapon)
Wield which item (- for none, * to show all)? (? for menu, Esc to quit)
You are now empty-handed.
You climb downwards.
Your mindless thrall stays behind.
There is a stone staircase leading up here.
Okay, then.
As you open the door, it creaks loudly!
There is an open door here.
A water moccasin comes into view.
The water moccasin bites you but does no damage.
You punch the water moccasin!
The water moccasin is moderately wounded.
The water moccasin completely misses you.
You closely miss the water moccasin.
The water moccasin is moderately wounded.
The water moccasin bites you!
You hit the water moccasin but do no damage.
The water moccasin is moderately wounded.
The water moccasin bites you but does no damage.
You hit the water moccasin.
Your tail-slap misses the water moccasin.
The water moccasin is moderately wounded.
The water moccasin bites you but does no damage.
The water moccasin bites you.
Casting: Animate Skeleton
Confirm with . or Enter, or press ? or * to list all spells.
Aiming: Vampiric Draining
Press: ? - help, Shift-Dir - straight line, f - water moccasin
Aim: a water moccasin (moderately wounded)
The water moccasin is heavily wounded.
You feel life coursing into your body. The water moccasin misses you.
You closely miss the water moccasin.
The water moccasin is heavily wounded.
The water moccasin closely misses you.
You hit the water moccasin.
The water moccasin is heavily wounded.
The water moccasin barely misses you.
You hit the water moccasin.
You tail-slap the water moccasin, but do no damage.
The water moccasin is severely wounded.
The water moccasin bites you.
You miss the water moccasin. You tail-slap the water moccasin.
The water moccasin is almost dead.
The water moccasin barely misses you.
You closely miss the water moccasin.
Your tail-slap misses the water moccasin.
The water moccasin is almost dead.
The water moccasin bites you!
The water moccasin bites you but does no damage.
Casting: Vampiric Draining
Confirm with . or Enter, or press ? or * to list all spells.
Aiming: Vampiric Draining
Press: ? - help, Shift-Dir - straight line, f/p - water moccasin
Aim: a water moccasin (almost dead)
You kill the water moccasin!
Cheibriados thoroughly appreciates the change of pace.
Your Invocations skill increases to level 1!
You feel life coursing into your body.
A gargoyle comes into view. It is wielding a flail.
Found a stone staircase leading down.
A wyvern zombie comes into view.
The gargoyle hurls a stone arrow at you.
The stone arrow hits you!
You hit the gargoyle but do no damage. The gargoyle hits you with a flail!
The wyvern zombie misses you.
The gargoyle hurls a stone arrow at you.
The stone arrow hits you!
* * * LOW HITPOINT WARNING * * *
The wyvern zombie misses you. The wyvern zombie bites you.
* * * LOW HITPOINT WARNING * * *
The wyvern zombie completely misses you.
Okay, then.
You completely miss the wyvern zombie. The wyvern zombie bites you!
* * * LOW HITPOINT WARNING * * *
You hit the wyvern zombie. You tail-slap the wyvern zombie.
The wyvern zombie is moderately damaged.
The wyvern zombie barely misses you.
You barely miss the wyvern zombie.
The wyvern zombie is moderately damaged.
The wyvern zombie misses you. The wyvern zombie bites you!
* * * LOW HITPOINT WARNING * * *
It was a potion of berserk rage.
A red film seems to cover your vision as you go berserk!
Cheibriados protects you from inadvertent hurry.
You feel mighty! The wyvern zombie bites you!
* * * LOW HITPOINT WARNING * * *
You punch the wyvern zombie! You tail-slap the wyvern zombie.
The wyvern zombie is severely damaged.
The wyvern zombie completely misses you.
You punch the wyvern zombie! You tail-slap the wyvern zombie.
You destroy the wyvern zombie!
Cheibriados thoroughly appreciates the change of pace.
Your Invocations skill increases to level 2!
You punch the gargoyle!
The gargoyle is moderately damaged.
The gargoyle hits you with a flail!
You die...

# ##. ... ####.####
##+##### ####........
#......#####.@9........
+......##....##........
#......'..#####........
#..^...#### #........
#...<..# #........
#......# #.>......
#......# #........
#......# #........
######## #########


You could see a gargoyle.

Vanquished Creatures
  2 hippogriffs
  A hungry ghost (D:8)
  A water moccasin (D:10)
  2 ice beasts
  An orc warrior (D:6)
  5 ogres
  3 big kobolds (Sewer)
  3 bullfrogs
  2 wyvern zombies
  A killer bee (D:7)
  2 howler monkeys (D:8)
  2 crimson imps
  A jelly (D:8)
  A bullfrog zombie (D:8)
  3 orc priests (D:6)
  4 hounds
  3 iguanas
  A bullfrog skeleton (D:8)
  5 orc wizards
  Natasha (D:4)
  A gnoll shaman (D:7)
  2 worker ants
  A hound skeleton (D:8)
  10 adders
  4 gnolls (D:7)
  A river rat (D:5)
  2 shadow imps
  An ooze (Sewer)
  A worm (D:3)
  2 dart slugs (D:1)
  4 leopard geckos
  20 orcs
  2 ball pythons
  5 giant cockroaches
  12 goblins
  7 hobgoblins
  A jackal (D:7)
  4 quokkas
  6 bats
  6 frilled lizards
  7 kobolds
  11 rats
154 creatures vanquished.

Vanquished Creatures (collateral kills)
  A water moccasin (D:6)
  A killer bee (D:7)
  A hound (D:8)
  2 adders (Sewer)
  2 oozes
  A leopard gecko (D:1)
  3 goblins (D:6)
  A jackal zombie (D:8)
  A rat (Sewer)
13 creatures vanquished.

Vanquished Creatures (others)
  A quokka (D:8)
1 creature vanquished.

Grand Total: 168 creatures vanquished

Notes
Turn   | Place    | Note
-------+----------+-------------------------------------------
     0 | D:1      | tidbits the Draconian Necromancer began the quest for the Orb.
     0 | D:1      | Reached XP level 1. HP: 14/14 MP: 3/3
    52 | D:1      | Noticed a worker ant
    52 | D:1      | Noticed a polar bear
    52 | D:1      | Noticed a black mamba
   227 | D:1      | Reached XP level 2. HP: 12/20 MP: 1/5
   230 | D:1      | Learned a level 1 spell: Animate Skeleton
   680 | D:2      | Gained mutation: Your tail ends in a poisonous barb. [potion of mutation]
   680 | D:2      | Gained mutation: Your flesh is heat resistant. (rF+) [potion of mutation]
   700 | D:2      | Reached XP level 3. HP: 9/26 MP: 3/6
   705 | D:2      | Learned a level 3 spell: Vampiric Draining
   939 | D:2      | Reached skill level 5 in Necromancy
  1202 | D:3      | Reached XP level 4. HP: 19/33 MP: 2/8
  1207 | D:3      | Learned a level 3 spell: Regeneration
  1296 | D:4      | Found a glowing golden altar of the Shining One.
  1445 | D:4      | Noticed an ogre
  1459 | D:4      | Killed an ogre
  1459 | D:4      | Reached skill level 3 in Spellcasting
  1459 | D:4      | Reached XP level 5. HP: 36/38 MP: 1/10
  1582 | D:5      | Entered Level 5 of the Dungeon
  1676 | D:4      | Noticed Natasha
  1682 | D:4      | Killed Natasha
  1682 | D:4      | Reached skill level 6 in Necromancy
  1745 | D:5      | Noticed an ogre
  1755 | D:5      | Noticed a phantom
  1755 | D:5      | Killed an ogre
  1755 | D:5      | Reached XP level 6. HP: 20/45 MP: 5/11
  1868 | D:5      | Found an ancient bone altar of Kikubaaqudgha.
  1912 | D:5      | Found a glowing drain.
  1916 | D:5      | Reached skill level 2 in Dodging
  1953 | Sewer    | Entered a sewer
  1983 | Sewer    | Reached skill level 1 in Fighting
  1994 | Sewer    | Reached skill level 2 in Fighting
  1994 | Sewer    | Your scales start taking on a lurid green colour.
  1994 | Sewer    | Reached XP level 7. HP: 46/55 MP: 6/12
  1994 | Sewer    | Gained mutation: Your system is resistant to poisons. (rPois) [Green Draconian growth]
  2101 | Sewer    | Reached skill level 3 in Dodging
  2259 | D:5      | Found a staircase to the Ecumenical Temple.
  2284 | Temple   | Entered the Ecumenical Temple
  2324 | Temple   | Became a worshipper of Cheibriados the Contemplative
  2377 | D:5      | Found an opulent altar of Gozag.
  2399 | D:5      | Found a stormy altar of Qazlal.
  2399 | D:5      | Found an ancient bone altar of Kikubaaqudgha.
  2488 | D:6      | Reached skill level 3 in Fighting
  2540 | D:6      | Found a sparkling altar of Nemelex Xobeh.
  2594 | D:6      | Found Zikutit's Assorted Antiques.
  2602 | D:6      | Bought a scroll labeled QEASCH WYEPA for 30 gold pieces
  2602 | D:6      | Bought a viscous purple potion for 27 gold pieces
  2602 | D:6      | Bought an inky potion for 27 gold pieces
  2618 | D:6      | Reached skill level 4 in Dodging
  2659 | D:6      | Reached skill level 4 in Fighting
  2713 | D:6      | Reached * piety under Cheibriados
  2827 | D:6      | Noticed a hippogriff
  2839 | D:6      | Killed a hippogriff
  2839 | D:6      | Reached skill level 5 in Fighting
  2839 | D:6      | Reached XP level 8. HP: 32/68 MP: 0/13
  2876 | D:6      | Reached skill level 5 in Dodging
  2967 | D:7      | Noticed a hippogriff
  2989 | D:7      | Killed a hippogriff
  2989 | D:7      | Reached skill level 6 in Fighting
  3113 | D:8      | Reached skill level 1 in Unarmed Combat
  3149 | D:8      | Reached skill level 2 in Unarmed Combat
  3189 | D:8      | Reached skill level 3 in Unarmed Combat
  3233 | D:8      | Found a shadowy altar of Dithmenos.
  3299 | D:8      | Reached ** piety under Cheibriados
  3324 | D:7      | Found a radiant altar of Vehumet.
  3364 | D:7      | Reached skill level 4 in Unarmed Combat
  3364 | D:7      | Reached XP level 9. HP: 60/77 MP: 12/14
  3428 | D:8      | Reached skill level 5 in Unarmed Combat
  3473 | D:8      | Found a white marble altar of Elyvilon.
  3607 | D:7      | Reached skill level 6 in Unarmed Combat
  3698 | D:9      | Reached *** piety under Cheibriados
  3861 | D:9      | Reached skill level 7 in Unarmed Combat
  3880 | D:10     | Entered Level 10 of the Dungeon
  3901 | D:10     | Reached skill level 1 in Invocations
  3904 | D:10     | Noticed a gargoyle
  3914 | D:10     | HP: 11/115 [wyvern zombie (7)]
  3916 | D:10     | Reached skill level 2 in Invocations
  3917 | D:10     | Slain by a gargoyle

Vault maps used:
D:1:      onia_arrival_zoo_common, nrook_uturn
D:3:      bloody_trog
D:4:      overflow_temple_1_default, uniq_natasha, uniq_blork_the_orc
D:5:      grunt_gozag_breadcrumbs, gammafunk_temple_overflow_wave,
          minmay_temple_entry_glass, first_bread, portal_sewer_entry_e,
          basic_altar
D:6:      nemelex_xobeh_ov_fountains_minmay, serial_shops,
          nicolae_shop_waterfront, minmay_ogre_servants
D:7:      overflow_temple_1_default, the_bakery, grunt_decor_resistance
D:8:      marbit_many_paths, elyvilon_altar_4,
          grunt_dithmenos_smoke_and_mirrors, corner_web_ring
D:10:     minmay_orc_entry_temple_small
Temple:   hc_temple_tempest_star
Sewer:    sewer_co_15_rooms

Skill      XL: |  1  2  3  4  5  6  7  8  9 |
---------------+----------------------------+-----
Necromancy     | 5 6 |  6.7
Spellcasting   | 3 |  3.9
Dodging        | 2 4 5 |  5.9
Fighting       | 2 5 6 |  6.3
Unarmed Combat | 4 7 |  7.0
Invocations    | 2 |  2.4
Stealth        | |  1.7

Action                   |  1- 3 |  4- 6 |  7- 9 || total
-------------------------+-------+-------+-------++-------
Melee: Unarmed           |     9 |    12 |    75 ||    96
       Tailslap          |     3 |     6 |    37 ||    46
       Club              |     8 |       |       ||     8
       Short sword       |    11 |    52 |   159 ||   222
       Punch             |       |       |     7 ||     7
 Fire: Blowgun           |    10 |       |       ||    10
 Cast: Pain              |    71 |    32 |    93 ||   196
       Animate Skeleton  |     5 |     6 |    18 ||    29
       Vampiric Draining |     2 |     6 |    13 ||    21
       Regeneration      |       |     5 |     6 ||    11
 Abil: Breathe Noxious F |       |       |    19 ||    19
Evoke: Wand              |       |     3 |    13 ||    16
  Use: Scroll            |     4 |     3 |     6 ||    13
       Potion            |     1 |     1 |     1 ||     3
 Stab: Paralysed         |       |    15 |    25 ||    40
       Confused          |       |       |     5 ||     5
       Distracted        |       |       |     1 ||     1
  Eat: Chunk             |     3 |     4 |     9 ||    16
       Royal jelly       |       |       |     1 ||     1
Armor: Skin              |    20 |    38 |    79 ||   137
Dodge: Dodged            |    35 |    41 |   210 ||   286

Table legend:
 A = Spawn XP
 B = Non-spawn XP
 C = Spawn XP percentage of total XP
 D = Spawn monster count
 E = Non-spawn monster count
 F = Spawn count percentage of total count
 G = Total turns spent on level
                    A         B        C        D         E        F      G
               +---------+---------+-------+---------+---------+-------+---------
         Total |       0 |    4152 |   0.0 |       0 |     167 |   0.0 |  3917
               +---------+---------+-------+---------+---------+-------+---------
           D:1 |       0 |      37 |   0.0 |       0 |      18 |   0.0 |   653
           D:2 |       0 |      12 |   0.0 |       0 |       8 |   0.0 |   245
           D:3 |       0 |      75 |   0.0 |       0 |      25 |   0.0 |   431
           D:4 |       0 |     226 |   0.0 |       0 |      11 |   0.0 |   466
           D:5 |       0 |     198 |   0.0 |       0 |      10 |   0.0 |   329
           D:6 |       0 |    1076 |   0.0 |       0 |      28 |   0.0 |   484
           D:7 |       0 |     663 |   0.0 |       0 |      14 |   0.0 |   299
           D:8 |       0 |     996 |   0.0 |       0 |      20 |   0.0 |   426
           D:9 |       0 |     274 |   0.0 |       0 |      15 |   0.0 |   216
          D:10 |       0 |     233 |   0.0 |       0 |       2 |   0.0 |    37
         Sewer |       0 |     362 |   0.0 |       0 |      16 |   0.0 |   275
               +---------+---------+-------+---------+---------+-------+---------

Table legend:
 A = Turns spent in this place as a percentage of turns spent in the entire game.
 B = Non-inter-level travel turns spent in this place as a percentage of non-inter-level travel turns spent in the entire game.
 C = Inter-level travel turns spent in this place as a percentage of turns spent in this place.
 D = Turns resting spent in this place as a percentage of non-inter-level travel turns spent in this place.
 E = Turns spent auto-exploring this place as a percentage of non-inter-level travel turns spent in this place.
 F = Non-inter-level travel turns spent in this place divided by the number of levels of this place that you've seen.
                   A       B       C       D       E      F
               +-------+-------+-------+-------+-------+----------------------
         Total | 100.0 | 100.0 |   0.4 |   0.0 |   0.0 | 325.2
       Dungeon |  91.5 |  91.9 |   0.0 |   0.0 |   0.0 | 358.6
        Temple |   1.4 |   1.1 |  25.0 |   0.0 |   0.0 |  42.0
         Sewer |   7.0 |   7.0 |   0.0 |   0.0 |   0.0 | 275.0
               +-------+-------+-------+-------+-------+----------------------

Table legend:
 A = Kills in this place as a percentage of kills in entire the game.
 B = Kills by you in this place as a percentage of kills by you in the entire game.
 C = Kills by friends in this place as a percentage of kills by friends in the entire game.
 D = Other kills in this place as a percentage of other kills in the entire game.
 E = Experience gained in this place as a percentage of experience gained in the entire game.
 F = Experience gained in this place divided by the number of levels of this place that you have seen.
                   A       B       C       D       E      F
               +-------+-------+-------+-------+-------+----------------------
         Total | 100.0 | 100.0 | 100.0 | 100.0 | 100.0 | 346.0
       Dungeon |  90.4 |  92.1 |  69.2 | 100.0 |  91.3 | 379.0
         Sewer |   9.6 |   7.9 |  30.8 |   0.0 |   8.7 | 362.0
               +-------+-------+-------+-------+-------+----------------------

Vault maps used:
D:1:      onia_arrival_zoo_common, nrook_uturn
D:3:      bloody_trog
D:4:      overflow_temple_1_default, uniq_natasha, uniq_blork_the_orc
D:5:      grunt_gozag_breadcrumbs, gammafunk_temple_overflow_wave,
          minmay_temple_entry_glass, first_bread, portal_sewer_entry_e,
          basic_altar
D:6:      nemelex_xobeh_ov_fountains_minmay, serial_shops,
          nicolae_shop_waterfront, minmay_ogre_servants
D:7:      overflow_temple_1_default, the_bakery, grunt_decor_resistance
D:8:      marbit_many_paths, elyvilon_altar_4,
          grunt_dithmenos_smoke_and_mirrors, corner_web_ring
D:10:     minmay_orc_entry_temple_small
Temple:   hc_temple_tempest_star
Sewer:    sewer_co_15_rooms
